 Dungeon Crawl Stone Soup version 0.30-a0-170-g85af917532 (webtiles) character file.

Game seed: 18155772941736991078

1115 LnG the Covert (level 8, -3/45 HPs)
             Began as a Kobold Summoner on Sept 30, 2022.
             Slain by a wyvern zombie (6 damage)
             ... in an ossuary.
             The game lasted 00:14:32 (4868 turns).

LnG the Covert (Kobold Summoner)                    Turns: 4868, Time: 00:14:32

Health: -3/45      AC:  5    Str: 12    XL:     8   Next: 60%
Magic:  5/14       EV: 16    Int: 18    God:
Gold:   102        SH:  0    Dex: 15    Spells: 9/15 levels left

rFire   . . .      SeeInvis +    r - +2 dagger (vamp)
rCold   . . .      Faith    .    (no shield)
rNeg    . . .      Spirit   .    a - +0 robe
rPois   .          Reflect  .    f - +2 hat
rElec   .          Harm     .    (no cloak)
rCorr   .          Rampage  .    c - +0 pair of gloves
Will    .....      Rnd*Tele +    (no boots)
Stlth   +++++.....               (no amulet)
HPRegen 0.15/turn                m - ring of see invisible
MPRegen 0.14/turn                o - +6 ring of strength

@: no status effects
A: small, no large weapons, nightstalker 3, antennae 1, claws 1, talons 1,
teleportitis 1
a: no special abilities


You were in an ossuary.
You visited 1 branch of the dungeon, and saw 4 of its levels.
You also visited: Ossuary.

You collected 102 gold pieces.

Inventory:

Hand Weapons
 r - a +2 vampiric dagger (weapon)
Armour
 a - a +0 robe (worn)
 c - a +0 pair of gloves (worn)
 f - a +2 hat (worn)
Jewellery
 d - a ring of willpower
 m - a ring of see invisible (left hand)
 o - a +6 ring of strength (right hand)
 v - a +6 ring of strength
Scrolls
 i - 2 scrolls of poison
 j - a scroll of immolation
 n - a scroll of vulnerability
 q - 3 scrolls of teleportation
 s - a scroll of acquirement {unknown}
 t - a scroll of magic mapping {unknown}
 u - a scroll of amnesia {unknown}
 w - 2 scrolls of identify {unknown}
 x - a scroll of brand weapon {unknown}
 y - a scroll of fear {unknown}
Potions
 b - a potion of magic
 e - a potion of resistance
 g - 2 potions of brilliance {unknown}
 h - a potion of haste {unknown}
 k - a potion of flight {unknown}
 p - 2 potions of mutation


   Skills:
 + Level 2.4 Fighting
 + Level 4.7 Short Blades
 + Level 4.5 Dodging
 + Level 8.0 Stealth
 + Level 4.4 Spellcasting
 + Level 5.6 Summonings


You had 9 spell levels left.
You knew the following spells:

 Your Spells              Type           Power      Damage    Failure   Level
a - Summon Small Mammal   Summ           96%        N/A       1%          1
b - Call Imp              Summ           24%        N/A       2%          2
c - Call Canine Familiar  Summ           24%        N/A       4%          3

Your spell library contained the following spells:

 Spells                   Type           Power      Damage    Failure   Level
 Summon Guardian Golem    Hex/Summ       14%        N/A       13%         3
 Summon Lightning Spire   Summ/Air       14%        N/A       41%         4


Dungeon Overview and Level Annotations

Branches:
Dungeon (4/15)            Ossuary (1/1)
 Temple: D:4-7

Altars:
Trog
Wu Jian

Shops:
D:4 ![

Annotations:
D:3 3 runed translucent doors, Crazy Yiuf


Innate Abilities, Weirdness & Mutations

You are small and have problems with some larger weapons.
You are completely attuned to the shadows.
You have a pair of small antennae on your head.
You have sharp fingernails.
You have sharp toenails.
You are occasionally teleported next to monsters.


Message History

The wyvern zombie bites your crimson imp!
Your crimson imp dies!
Your crimson imp disappears in a puff of smoke!
Unknown command.
You swap places.
Your hound bites the wyvern zombie.
The wyvern zombie bites your hound.
Your hound bites the wyvern zombie but does no damage.
Your hound bites the wyvern zombie.
The wyvern zombie bites your hound!
Your hound splashes around in the water.
The wyvern zombie barely misses your hound.
This spell is dangerous to cast!
Memorise Summon Guardian Golem, consuming 3 spell levels and leaving 6?
Your hound splashes around in the water.
The wyvern zombie bites your hound!
Your hound dies!
Your hound's corpse disappears in a puff of smoke!
You start memorising the spell.
You continue memorising. x2
The wyvern zombie misses you.
You continue memorising.
The wyvern zombie bites you.
Your memorisation is interrupted.
The wyvern zombie bites you!
Casting: Call Canine Familiar (dangerous; 4% risk of failure)
Confirm with . or Enter, or press ? or * to list all spells.
The wyvern zombie barely misses you. The wyvern zombie closely misses you.
The wyvern zombie bites you!
* * * LOW HITPOINT WARNING * * *
Unknown command.
Casting: Call Canine Familiar (dangerous; 4% risk of failure)
Confirm with . or Enter, or press ? or * to list all spells.
A beastly little devil appears in a puff of frigid air.
The wyvern zombie bites you!
* * * LOW HITPOINT WARNING * * *
The wyvern zombie bites you.
* * * LOW HITPOINT WARNING * * *
The wyvern zombie attacks as you move away!
The wyvern zombie bites you.
* * * LOW HITPOINT WARNING * * *
Your hound barely misses the wyvern zombie.
The wyvern zombie bites you.
You die...

h.~.§~~~M.~' #
#####~#####.###
'~#...#~#??.#.'.#
#~~h∩.#.#!!.'.###
.~#..∩#.#!??#.'.#
#####~#####.###
#.~Zh.#.'.'.#
###Z#####.###
#@#...#.'.#
#5#...'.###
#.#...#.'.#
.#####.#####.###
~............+
~~~~~#'#'#'#+#
P~P#.#.#.# #
#~#≈###### ####


You could see 2 wyvern zombies, a friendly hound (summoned) and a friendly white
imp (summoned).

Vanquished Creatures
  Sigmund (D:3)
  A hornet zombie (Ossuary)
  An elf skeleton (D:4)
  2 water moccasin zombies (Ossuary)
  2 bullfrog zombies (Ossuary)
  2 centaur zombies (Ossuary)
  A human zombie (D:4)
  3 human skeletons (D:4)
  A killer bee zombie (Ossuary)
  5 mummies (Ossuary)
  2 adders (D:3)
  3 dart slugs
  2 orcs (D:4)
  An endoplasm (D:3)
  A giant cockroach (D:4)
  8 goblins
  4 hobgoblins
  4 jackals (D:4)
  4 kobolds
  2 quokkas
  5 ball pythons
  5 bats
  3 frilled lizards (D:3)
  An orc zombie (D:4)
  3 rats
67 creatures vanquished.

Vanquished Creatures (collateral kills)
  A scorpion (D:4)
  2 bullfrog zombies (Ossuary)
  Terence (D:3)
  6 mummies (Ossuary)
  An adder (D:2)
  A bat (D:1)
  A hobgoblin (D:1)
  A quokka (D:1)
  A frilled lizard (D:1)
  A goblin (D:1)
  A kobold (D:1)
  2 rats (D:1)
19 creatures vanquished.

Vanquished Creatures (others)
  10 withered plants (Ossuary)
10 creatures vanquished.

Grand Total: 96 creatures vanquished

Notes
Turn   | Place    | Note
-------+----------+-------------------------------------------
     0 | D:1      | LnG the Kobold Summoner began the quest for the Orb.
     0 | D:1      | Reached XP level 1. HP: 10/10 MP: 3/3
   263 | D:1      | Reached XP level 2. HP: 10/15 MP: 3/5
   360 | D:1      | Learned a level 2 spell: Call Imp
   744 | D:1      | Found a faded altar of an unknown god.
   762 | D:1      | Reached XP level 3. HP: 18/19 MP: 6/6
  1077 | D:2      | Reached skill level 3 in Stealth
  1345 | D:2      | Found an ornate altar of the Wu Jian Council.
  1483 | D:2      | Learned a level 3 spell: Call Canine Familiar
  2370 | D:3      | Reached XP level 4. HP: 24/24 MP: 7/7
  2476 | D:3      | Reached skill level 4 in Stealth
  2600 | D:3      | Noticed Terence
  2605 | D:3      | Killed Terence
  2606 | D:3      | Reached skill level 1 in Short Blades
  2782 | D:3      | Found a large runed translucent door.
  2782 | D:3      | Found a large runed translucent door.
  2896 | D:3      | Reached XP level 5. HP: 28/28 MP: 9/9
  3189 | D:3      | Found a runed translucent door.
  3189 | D:3      | Noticed Sigmund
  3197 | D:3      | Killed Sigmund
  3198 | D:3      | Reached skill level 5 in Stealth
  3198 | D:3      | Reached XP level 6. HP: 28/33 MP: 6/10
  3237 | D:3      | Noticed Crazy Yiuf
  3444 | D:3      | Found a bloodstained altar of Trog.
  3598 | D:4      | Found Hoom's Armour Boutique.
  3735 | D:4      | Reached skill level 1 in Fighting
  3823 | D:4      | Reached skill level 6 in Stealth
  3992 | D:4      | Found Ryolauf's Distillery.
  4118 | D:4      | Reached XP level 7. HP: 13/38 MP: 11/11
  4166 | D:4      | Found a sand-covered staircase.
  4177 | D:4      | Reached skill level 5 in Summonings
  4179 | Ossuary  | Entered an ossuary
  4202 | Ossuary  | Reached skill level 7 in Stealth
  4239 | Ossuary  | Gained mutation: You have sharp fingernails. [potion of
                  | mutation]
  4239 | Ossuary  | Gained mutation: You have a pair of small antennae on your
                  | head. [potion of mutation]
  4239 | Ossuary  | Gained mutation: You are occasionally teleported next to
                  | monsters. [potion of mutation]
  4239 | Ossuary  | Gained mutation: You have sharp toenails. [potion of
                  | mutation]
  4239 | Ossuary  | HP: 1/57 [hornet zombie (3)]
  4254 | Ossuary  | Reached XP level 8. HP: 22/44 MP: 5/13
  4371 | Ossuary  | HP: 1/44 [mummy (12)]
  4526 | Ossuary  | Reached skill level 8 in Stealth
  4868 | Ossuary  | Slain by a wyvern zombie

Illustrated notes

Levels and vault maps discovered:
D:1:      amcnicky_arrival_double_pillar, layout_loops_ring,
          hellmonk_ecumenical_altar_blasted, minmay_pentomino_s4
D:2:      layout_basic, basic_altar, kennysheep_small_spiral
D:3:      layout_loops_corners, lemuel_round_altar, jmf_multi_god_temple2,
          minmay_circle_x, uniq_terence, uniq_crazy_yiuf_cottage, uniq_sigmund
D:4:      lemuel_castle_with_subvaults [lemuel_castle_interior_carwin_3],
          layout_basic, serial_shops, nicolae_shop_competitors_out_of_business,
          nicolae_shop_hallway_stairs, nicolae_ossuary_entry_catacombs
Ossuary:  ossuary_zaba_flooded

Skill      XL: |  1  2  3  4  5  6  7  8 |
---------------+-------------------------+-----
Stealth        | 3 4 5 6 7 8 |  8.0
Short Blades   | 1 2 3 4 |  4.7
Dodging        | 3 4 |  4.5
Spellcasting   | 3 4 |  4.4
Fighting       | 1 2 |  2.4
Summonings     | 5 |  5.6

Action                   |  1- 3 |  4- 6 |  7- 9 || total
-------------------------+-------+-------+-------++-------
Melee: Dagger            |    82 |   105 |   100 ||   287
       Punch             |       |     1 |     1 ||     2
       Kick              |       |       |    16 ||    16
 Cast: Summon Small Mamm |     6 |     1 |     1 ||     8
       Call Imp          |     4 |     2 |     7 ||    13
       Call Canine Famil |       |     3 |    14 ||    17
  Use: Scroll            |     1 |     3 |     1 ||     5
       Potion            |       |     1 |     9 ||    10
 Stab: Sleeping          |    14 |    12 |     4 ||    30
       Distracted        |       |     1 |     4 ||     5
Armor: Robe              |    17 |    19 |    13 ||    49
       Skin              |       |     4 |    23 ||    27
Dodge: Dodged            |    66 |    77 |    57 ||   200

Table legend: (Time is in decaauts)
 A = Elapsed time spent in this place.
 B = Non-inter-level travel time spent in this place.
 C = Inter-level travel time spent in this place.
 D = Time resting spent in this place.
 E = Time spent auto-exploring this place.
 F = Levels seen in this place.
 G = Mean time per level.
                   A        B        C        D        E       F      G
               +--------+--------+--------+--------+--------+-----+--------+
         Total |   4846 |   4730 |    116 |   1065 |   2723 |   5 |  969.2 |
       Dungeon |   4160 |   4044 |    116 |    608 |   2723 |   4 | 1040.0 |
       Ossuary |    685 |    685 |      0 |    457 |      0 |   1 |  685.0 |
               +--------+--------+--------+--------+--------+-----+--------+

Top non-repeatable levels by time:
     D:3: 1345 daAuts
     D:2: 1172 daAuts
     D:1: 1074 daAuts
 Ossuary: 685 daAuts
     D:4: 568 daAuts
